Punishers vs Icehogs
Created - November 29, 2025 at 19:54
Goals
|
| Punishers |
2 |
0 |
1 |
3 |
| Icehogs |
2 |
1 |
2 |
5 |
|
Shots
|
| Punishers |
10 |
5 |
14 |
29 |
| Icehogs |
9 |
12 |
15 |
36 |
|
1st period
1. Punishers , Joel Kiviranta 5 (Nelson Nogier 7) at 5:43
2. Icehogs , Sergey Tolchinsky 9 (Nikita Scherbak 9, Dillon Dube 14) at 11:00
3. Icehogs , Mitchell Chaffee 2 (Julius Honka 6, Connor Zary 6) at 13:51
4. Punishers , Kole Lind 7 (Karson Kuhlman 10) at 17:28
Penalties :
No Penalty
2nd period
5. Icehogs , Connor Zary 5 (Calle Andersson 5) at 8:42
Penalties :
Nils Hoglander (Roc) for Cross-checking (Minor) at 2:13
3rd period
6. Icehogs , Sergey Tolchinsky 10 (Dillon Dube 15) at 6:22 (PP)
7. Punishers , Karson Kuhlman 6 (Nelson Nogier 8) at 7:27 (PP)
8. Icehogs , Dillon Dube 6 (Jeremy Davies 8, Julius Honka 7) at 18:34
Penalties :
Niko Mikkola (Pro) for Cross-checking (Minor) at 6:18, Julius Honka (Roc) for High sticking (Minor) at 6:52, Nelson Nogier (Pro) for Hooking (Minor) at 7:46, JJ. Piccinich (Roc) for Holding Stick (Minor) at 16:10, Nelson Nogier (Pro) for Diving (Minor) at 16:13
Goalie Stats
Jack LaFontaine (Pro), 31 saves from 36 shots - (0.861), L, 1-4-1, 60:00 minutes
Mackenzie Blackwood (Roc), 26 saves from 29 shots - (0.897), W, 4-4-1, 60:00 minutes
Players Stats for Punishers
Player Name G A P +/- PIM S H SB GA TA FO MP PP MP PK MP
------------------------------------------------------------------------------------
0 0 0 0 0 0 0 0 0 0 0/0 0:00 0:00 0:00
0 0 0 0 0 0 0 0 0 0 0/0 0:00 0:00 0:00
0 0 0 0 0 0 0 0 0 0 0/0 0:00 0:00 0:00
0 0 0 0 0 0 0 0 0 0 0/0 0:00 0:00 0:00
0 0 0 0 0 0 0 0 0 0 0/0 0:00 0:00 0:00
0 0 0 0 0 0 0 0 0 0 0/0 0:00 0:00 0:00
0 0 0 0 0 0 0 0 0 0 0/0 0:00 0:00 0:00
Adam Ruzicka 0 0 0 -2 0 0 1 0 0 0 2/6 11:10 0:00 0:09
Ben Meyers 0 0 0 0 0 0 1 0 0 1 1/6 8:25 0:00 0:00
Braden Tracey 0 0 0 0 0 1 3 0 0 0 0/0 8:25 0:00 0:00
Brock Faber 0 0 0 -2 0 0 0 1 0 0 0/0 21:12 0:43 1:18
Carson Meyer 0 0 0 -2 0 2 1 0 0 2 0/1 11:57 0:07 0:00
Daniel Audette 0 0 0 1 0 1 0 0 0 0 7/15 15:05 0:52 0:12
Jack Ahcan 0 0 0 0 0 0 0 6 0 0 0/0 13:32 0:00 0:48
Jesse Ylonen 0 0 0 -1 0 0 2 0 0 0 0/0 9:23 0:07 0:03
Joel Kiviranta 1 0 1 0 0 4 1 3 1 1 0/0 16:03 0:52 0:46
Karson Kuhlman 1 1 2 0 0 2 2 0 0 0 16/28 22:13 1:38 1:14
Kole Lind 1 0 1 0 0 1 3 2 0 0 1/1 19:51 1:38 0:00
Nelson Nogier 0 2 2 -1 4 0 0 2 0 2 0/0 26:52 1:53 0:00
Nicolas Beaudin 0 0 0 -1 0 0 0 1 1 1 0/0 18:45 0:43 0:26
Niko Mikkola 0 0 0 0 2 4 2 3 0 3 0/0 28:03 1:54 1:30
Oskar Lindblom 0 0 0 0 0 5 0 2 2 0 1/2 22:09 1:38 1:10
Rasmus Sandin 0 0 0 -1 0 1 0 1 0 0 0/0 13:11 0:00 0:10
Vinni Lettieri 0 0 0 1 0 6 3 1 1 0 0/0 16:58 0:52 0:34
Warren Foegele 0 0 0 -2 0 2 0 0 0 0 1/1 12:41 0:07 0:04
Players Stats for Icehogs
Player Name G A P +/- PIM S H SB GA TA FO MP PP MP PK MP
------------------------------------------------------------------------------------
0 0 0 0 0 0 0 0 0 0 0/0 0:00 0:00 0:00
0 0 0 0 0 0 0 0 0 0 0/0 0:00 0:00 0:00
0 0 0 0 0 0 0 0 0 0 0/0 0:00 0:00 0:00
0 0 0 0 0 0 0 0 0 0 0/0 0:00 0:00 0:00
0 0 0 0 0 0 0 0 0 0 0/0 0:00 0:00 0:00
Andrew Poturalski 0 0 0 0 0 3 0 1 1 0 8/14 16:23 0:46 0:31
Antoine Morand 0 0 0 0 0 0 0 0 0 0 0/0 0:00 0:00 0:00
Calle Andersson 0 1 1 1 0 3 0 0 1 0 0/0 19:45 0:46 0:40
Clark Bishop 0 0 0 0 0 4 3 0 0 0 2/2 8:51 0:00 0:00
Connor Zary 1 1 2 1 0 1 1 0 1 0 4/4 12:06 0:00 0:31
Declan Chisholm 0 0 0 0 0 0 0 1 0 0 0/0 12:32 0:00 0:48
Dillon Dube 1 2 3 1 0 3 3 1 0 1 15/32 22:00 1:20 1:35
Eamon Powell 0 0 0 0 0 0 0 0 0 0 0/0 11:57 0:00 0:13
Egor Afanasyev 0 0 0 0 0 0 1 0 0 0 0/1 9:07 0:00 0:16
Gabriel Fortier 0 0 0 1 0 1 0 0 1 0 0/0 12:55 0:00 0:46
Jaedon Descheneau 0 0 0 0 0 1 0 0 1 0 0/1 9:14 0:00 0:00
Jeremy Davies 0 1 1 1 0 0 2 1 1 0 0/0 22:21 1:20 1:44
JJ. Piccinich 0 0 0 1 2 3 1 0 1 0 0/0 15:57 0:49 0:00
Julius Honka 0 2 2 1 2 4 2 1 1 2 0/0 27:42 1:20 1:09
Mitchell Chaffee 1 0 1 1 0 2 4 0 0 0 0/0 11:22 0:00 0:00
Nikita Okhotyuk 0 0 0 0 0 0 2 0 0 0 0/0 5:57 0:00 0:00
Nikita Scherbak 0 1 1 0 0 2 3 1 1 2 1/3 18:53 1:17 0:00
Nils Hoglander 0 0 0 0 2 3 0 1 0 0 0/0 16:14 0:46 0:00
Sergey Tolchinsky 2 0 2 1 0 5 5 2 1 0 1/3 22:23 1:20 1:35
Zach Whitecloud 0 0 0 1 0 1 2 0 0 0 0/0 19:45 0:46 0:40
3 Stars
1 - Sergey Tolchinsky (Roc)
2 - Dillon Dube (Roc)
3 - Connor Zary (Roc)
Power Play
Punishers - 1 on 3 Attempt(s) - 33.33%
Icehogs - 1 on 3 Attempt(s) - 33.33%
Penalty Kill
Punishers - 2 on 3 Attempt(s) - 66.67%
- Score 0 goal in Penalty Kill
Icehogs - 2 on 3 Attempt(s) - 66.67%
- Score 0 goal in Penalty Kill
Team Stat
Punishers - Hits : 19 - Faceoff Wins : 29 - Blocked Shots : 22 - Penalty Minutes : 6
Icehogs - Hits : 29 - Faceoff Wins : 31 - Blocked Shots : 9 - Penalty Minutes : 6
Official
Referees : Chris Lee and Tom Chmielewski
Linesman : Greg Devorski and Kory Nagy
Game Notes
No Game Note
Finance
Level 1 -- Attendance: 1746 (87.30%) -- Ticket Income $122,220
Level 2 -- Attendance: 896 (89.60%) -- Ticket Income $35,840
Total Attendance: 2642 (88.07%)
Total Ticket Income: $158,060
Other Income: $7,903
Total Income: $165,963
Punishers
5 vs 5 Forward
Center Left Wing Right Wing Time % Phy DF OF
1 Karson Kuhlman Oskar Lindblom Kole Lind 40 1 2 2
2 Daniel Audette Joel Kiviranta Vinni Lettieri 30 1 2 2
3 Adam Ruzicka Warren Foegele Carson Meyer 20 1 2 2
4 Ben Meyers Braden Tracey Jesse Ylonen 10 1 2 2
5 vs 5 Defense
Defense Defense Time % Phy DF OF
1 Niko Mikkola Nelson Nogier 40 1 2 2
2 Nicolas Beaudin Brock Faber 30 1 2 2
3 Jack Ahcan Rasmus Sandin 20 1 2 2
4 Niko Mikkola Nelson Nogier 10 1 2 2
PowerPlay Forward
Center Left Wing Right Wing Time % Phy DF OF
1 Karson Kuhlman Oskar Lindblom Kole Lind 60 1 2 2
2 Daniel Audette Joel Kiviranta Vinni Lettieri 40 1 2 2
PowerPlay Defense
Defense Defense Time % Phy DF OF
1 Niko Mikkola Nelson Nogier 60 1 2 2
2 Nicolas Beaudin Brock Faber 40 1 2 2
Penalty Kill 4 Players Forward
Center Wing Time % Phy DF OF
1 Karson Kuhlman Oskar Lindblom 60 1 2 2
2 Daniel Audette Joel Kiviranta 40 1 2 2
Penalty Kill 4 Players Defense
Defense Defense Time % Phy DF OF
1 Niko Mikkola Nelson Nogier 60 1 2 2
2 Nicolas Beaudin Brock Faber 40 1 2 2
Penalty Kill - 3 Players Forward
Forward Time % Phy DF OF
1 Karson Kuhlman 60 1 2 2
2 Daniel Audette 40 1 2 2
Penalty Kill - 3 Players Defense
Defense Defense Time % Phy DF OF
1 Niko Mikkola Nelson Nogier 60 1 2 2
2 Nicolas Beaudin Brock Faber 40 1 2 2
4 vs 4 Forward
Center Wing Time % Phy DF OF
1 Karson Kuhlman Oskar Lindblom 60 1 2 2
2 Daniel Audette Joel Kiviranta 40 1 2 2
4 vs 4 Defense
Defense Defense Time % Phy DF OF
1 Niko Mikkola Nelson Nogier 60 1 2 2
2 Nicolas Beaudin Brock Faber 40 1 2 2
Last Minutes Offensive
Center Left Wing Right Wing Defense Defense
Karson Kuhlman Oskar Lindblom Kole Lind Niko Mikkola Nelson Nogier
Last Minutes Defensive
Center Left Wing Right Wing Defense Defense
Karson Kuhlman Oskar Lindblom Kole Lind Niko Mikkola Nelson Nogier
Goaltenders
Starting : Jack LaFontaine
Backup : Antoine Bibeau
Extra Forwards
Normal : Vinni Lettieri, Carson Meyer, Jesse Ylonen - PP : Vinni Lettieri, Carson Meyer - PK : Vinni Lettieri
Extra Defensemen
Normal : Brock Faber, Jack Ahcan, Rasmus Sandin - PP : Brock Faber - PK : Brock Faber, Jack Ahcan
Penalty Shots
Oskar Lindblom, Karson Kuhlman, Kole Lind, Daniel Audette, Vinni Lettieri
Custom OT Lines Forwards
Oskar Lindblom, Karson Kuhlman, Kole Lind, Daniel Audette, Vinni Lettieri, Carson Meyer, Jesse Ylonen, Adam Ruzicka, Joel Kiviranta, Warren Foegele
Custom OT Lines Defensemen
Niko Mikkola, Nelson Nogier, Nicolas Beaudin, Brock Faber, Jack Ahcan
Scratches
Lukas Reichel (Healthy), Ryan Tverberg (Healthy), Connor McClennon (Healthy), Kurtis Gabriel (Broken Bone (Right Foot) Injury), Theodor Niederbach (Healthy)
Urho Vaakanainen (Broken Right Thumb Injury), Walker Duehr (Healthy), Marcus Karlberg (Healthy), Ryan Suzuki (Healthy), Lassi Thomson (Healthy)
Carter Gylander (Healthy)
Icehogs
5 vs 5 Forward
Center Left Wing Right Wing Time % Phy DF OF
1 Dillon Dube Sergey Tolchinsky Nikita Scherbak 40 1 2 2
2 Andrew Poturalski Nils Hoglander JJ. Piccinich 30 1 2 2
3 Connor Zary Gabriel Fortier Mitchell Chaffee 20 1 2 2
4 Clark Bishop Egor Afanasyev Jaedon Descheneau 10 1 2 2
5 vs 5 Defense
Defense Defense Time % Phy DF OF
1 Julius Honka Jeremy Davies 40 1 2 2
2 Calle Andersson Zach Whitecloud 30 1 2 2
3 Declan Chisholm Eamon Powell 20 1 2 2
4 Nikita Okhotyuk Julius Honka 10 1 2 2
PowerPlay Forward
Center Left Wing Right Wing Time % Phy DF OF
1 Dillon Dube Sergey Tolchinsky Nikita Scherbak 60 1 2 2
2 Andrew Poturalski Nils Hoglander JJ. Piccinich 40 1 2 2
PowerPlay Defense
Defense Defense Time % Phy DF OF
1 Julius Honka Jeremy Davies 60 1 2 2
2 Calle Andersson Zach Whitecloud 40 1 2 2
Penalty Kill 4 Players Forward
Center Wing Time % Phy DF OF
1 Dillon Dube Sergey Tolchinsky 60 1 2 2
2 Andrew Poturalski Nils Hoglander 40 1 2 2
Penalty Kill 4 Players Defense
Defense Defense Time % Phy DF OF
1 Julius Honka Jeremy Davies 60 1 2 2
2 Calle Andersson Zach Whitecloud 40 1 2 2
Penalty Kill - 3 Players Forward
Forward Time % Phy DF OF
1 Dillon Dube 60 1 2 2
2 Andrew Poturalski 40 1 2 2
Penalty Kill - 3 Players Defense
Defense Defense Time % Phy DF OF
1 Julius Honka Jeremy Davies 60 1 2 2
2 Calle Andersson Zach Whitecloud 40 1 2 2
4 vs 4 Forward
Center Wing Time % Phy DF OF
1 Dillon Dube Sergey Tolchinsky 60 1 2 2
2 Andrew Poturalski Nils Hoglander 40 1 2 2
4 vs 4 Defense
Defense Defense Time % Phy DF OF
1 Julius Honka Jeremy Davies 60 1 2 2
2 Calle Andersson Zach Whitecloud 40 1 2 2
Last Minutes Offensive
Center Left Wing Right Wing Defense Defense
Dillon Dube Sergey Tolchinsky Nikita Scherbak Julius Honka Jeremy Davies
Last Minutes Defensive
Center Left Wing Right Wing Defense Defense
Dillon Dube Sergey Tolchinsky Nikita Scherbak Julius Honka Jeremy Davies
Goaltenders
Starting : Mackenzie Blackwood
Backup : Oscar Dansk
Extra Forwards
Normal : Nils Hoglander, Gabriel Fortier, JJ. Piccinich - PP : Nils Hoglander, Gabriel Fortier - PK : Nils Hoglander
Extra Defensemen
Normal : Declan Chisholm, Eamon Powell, Nikita Okhotyuk - PP : Declan Chisholm - PK : Declan Chisholm, Eamon Powell
Penalty Shots
Sergey Tolchinsky, Dillon Dube, Nikita Scherbak, Andrew Poturalski, Nils Hoglander
Custom OT Lines Forwards
Sergey Tolchinsky, Dillon Dube, Nikita Scherbak, Andrew Poturalski, Nils Hoglander, Gabriel Fortier, JJ. Piccinich, Connor Zary, Clark Bishop, Mitchell Chaffee
Custom OT Lines Defensemen
Julius Honka, Jeremy Davies, Calle Andersson, Zach Whitecloud, Declan Chisholm
Scratches
Kristian Reichel (Healthy), Max Jones (Healthy), Jackson Cates (Healthy), Jesper Vikman (Healthy), Petr Kvaca (Healthy)
% Time on Ice - Punishers
Lines # - Real PCT - Wanted PCT - Time Play
Normal Forward
1 - 38% - 40% - 20:15
2 - 26% - 30% - 13:40
3 - 21% - 20% - 11:01
4 - 16% - 10% - 8:25
Normal Defense
1 - 39% - 40% - 21:02
2 - 31% - 30% - 16:18
3 - 22% - 20% - 11:53
4 - 8% - 10% - 4:08
PP Forward
1 - 67% - 60% - 1:45
2 - 33% - 40% - 0:52
PP Defense
1 - 73% - 60% - 1:54
2 - 27% - 40% - 0:43
PK Forward
1 - 90% - 60% - 1:54
2 - 10% - 40% - 0:12
PK Defense
1 - 79% - 60% - 1:40
2 - 21% - 40% - 0:26
PK3 Forward
1 - 0% - 60%
2 - 0% - 40%
PK3 Defense
1 - 0% - 60%
2 - 0% - 40%
44 Forward
1 - 82% - 60% - 1:35
2 - 18% - 40% - 0:21
44 Defense
1 - 69% - 60% - 1:20
2 - 31% - 40% - 0:36
Last Minute Offensive - 0:00
Last Minute Defensive - 0:00
Total
Forward - 60:00
Defense - 60:00
|
% Time on Ice - Icehogs
Lines # - Real PCT - Wanted PCT - Time Play
Normal Forward
1 - 34% - 40% - 17:58
2 - 28% - 30% - 15:10
3 - 21% - 20% - 11:22
4 - 17% - 10% - 8:51
Normal Defense
1 - 34% - 40% - 18:14
2 - 33% - 30% - 17:39
3 - 22% - 20% - 11:31
4 - 11% - 10% - 5:57
PP Forward
1 - 63% - 60% - 1:20
2 - 37% - 40% - 0:46
PP Defense
1 - 63% - 60% - 1:20
2 - 37% - 40% - 0:46
PK Forward
1 - 80% - 60% - 2:06
2 - 20% - 40% - 0:31
PK Defense
1 - 75% - 60% - 1:57
2 - 25% - 40% - 0:40
PK3 Forward
1 - 0% - 60%
2 - 0% - 40%
PK3 Defense
1 - 0% - 60%
2 - 0% - 40%
44 Forward
1 - 84% - 60% - 1:37
2 - 16% - 40% - 0:19
44 Defense
1 - 66% - 60% - 1:16
2 - 34% - 40% - 0:40
Last Minute Offensive - 0:00
Last Minute Defensive - 0:00
Total
Forward - 60:00
Defense - 60:00
|
Play-by-Play
1st period
0:01 of 1st period - Karson Kuhlman wins face-off versus Dillon Dube in neutral zone.
0:36 of 1st period - Snap shot by Adam Ruzicka.
0:36 of 1st period - Shot Misses the Net.
0:50 of 1st period - Wrist shot by Andrew Poturalski.
0:50 of 1st period - Shot Misses the Net.
1:28 of 1st period - Egor Afanasyev is hit by Kole Lind and loses puck.
1:37 of 1st period - Snap shot by Clark Bishop.
1:37 of 1st period - Stopped by Jack LaFontaine without a rebound.
1:38 of 1st period - Andrew Poturalski wins face-off versus Daniel Audette in Punishers zone.
1:43 of 1st period - Backhand shot by Nils Hoglander.
1:43 of 1st period - Shot Blocked by Joel Kiviranta.
1:48 of 1st period - Off-side.
1:49 of 1st period - Connor Zary wins face-off versus Karson Kuhlman in neutral zone.
2:41 of 1st period - Snap shot by Vinni Lettieri.
2:41 of 1st period - Stopped by Mackenzie Blackwood with a rebound.
3:09 of 1st period - Clark Bishop is hit by Jesse Ylonen and loses puck.
3:26 of 1st period - Kole Lind is hit by Nikita Okhotyuk and loses puck.
3:44 of 1st period - Off-side.
3:45 of 1st period - Adam Ruzicka wins face-off versus Dillon Dube in neutral zone.
4:42 of 1st period - Wrist shot by Daniel Audette.
4:42 of 1st period - Shot Misses the Net.
4:51 of 1st period - Off-side.
4:52 of 1st period - Sergey Tolchinsky wins face-off versus Ben Meyers in neutral zone.
5:43 of 1st period - Snap shot by Joel Kiviranta.
5:43 of 1st period - Goal by Joel Kiviranta - Punishers : 1 - Icehogs : 0.
5:44 of 1st period - Kole Lind wins face-off versus Dillon Dube in neutral zone.
5:52 of 1st period - Off-side.
5:53 of 1st period - Karson Kuhlman wins face-off versus Dillon Dube in neutral zone.
6:36 of 1st period - Wrist shot by Nikita Scherbak.
6:36 of 1st period - Stopped by Jack LaFontaine with a rebound.
6:44 of 1st period - Slapshot by Oskar Lindblom.
6:44 of 1st period - Stopped by Mackenzie Blackwood with a rebound.
6:46 of 1st period - Wrist shot by Karson Kuhlman.
6:46 of 1st period - Deflect By Oskar Lindblom.
6:46 of 1st period - Shot Blocked by Dillon Dube.
6:46 of 1st period - Puck is out of play.
6:47 of 1st period - Daniel Audette wins face-off versus Andrew Poturalski in Icehogs zone.
7:04 of 1st period - Jeremy Davies is hit by Vinni Lettieri and loses puck.
7:25 of 1st period - Snap shot by Connor Zary.
7:25 of 1st period - Shot Misses the Net.
8:18 of 1st period - Zach Whitecloud is hit by Kole Lind and loses puck.
8:27 of 1st period - Jack Ahcan is hit by Zach Whitecloud.
9:20 of 1st period - Andrew Poturalski is hit by Vinni Lettieri.
9:38 of 1st period - Jack Ahcan is hit by Mitchell Chaffee and loses puck.
10:04 of 1st period - Wrist shot by Nikita Scherbak.
10:04 of 1st period - Shot Blocked by Nicolas Beaudin.
10:41 of 1st period - Wrist shot by Andrew Poturalski.
10:41 of 1st period - Shot Blocked by Rasmus Sandin.
10:43 of 1st period - Slapshot by Andrew Poturalski.
10:43 of 1st period - Shot Blocked by Jack Ahcan.
10:45 of 1st period - Slapshot by Julius Honka.
10:45 of 1st period - Deflect By Nils Hoglander.
10:45 of 1st period - Stopped by Jack LaFontaine without a rebound.
10:46 of 1st period - Karson Kuhlman wins face-off versus Dillon Dube in Punishers zone.
11:00 of 1st period - Snap shot by Sergey Tolchinsky.
11:00 of 1st period - Goal by Sergey Tolchinsky - Punishers : 1 - Icehogs : 1.
11:01 of 1st period - Daniel Audette wins face-off versus Dillon Dube in neutral zone.
11:06 of 1st period - Snap shot by Vinni Lettieri.
11:06 of 1st period - Shot Blocked by Sergey Tolchinsky.
11:08 of 1st period - Snap shot by Vinni Lettieri.
11:08 of 1st period - Stopped by Mackenzie Blackwood without a rebound.
11:09 of 1st period - Dillon Dube wins face-off versus Daniel Audette in Icehogs zone.
11:09 of 1st period - Dillon Dube is hit by Joel Kiviranta.
11:41 of 1st period - Snap shot by Vinni Lettieri.
11:41 of 1st period - Stopped by Mackenzie Blackwood without a rebound.
11:42 of 1st period - Karson Kuhlman wins face-off versus Andrew Poturalski in Icehogs zone.
12:13 of 1st period - Adam Ruzicka is hit by Mitchell Chaffee and loses puck.
12:32 of 1st period - Wrist shot by Joel Kiviranta.
12:32 of 1st period - Shot Misses the Net.
12:34 of 1st period - Slapshot by Niko Mikkola.
12:34 of 1st period - Stopped by Mackenzie Blackwood without a rebound.
12:35 of 1st period - Daniel Audette wins face-off versus Egor Afanasyev in Icehogs zone.
12:36 of 1st period - Snap shot by Vinni Lettieri.
12:36 of 1st period - Stopped by Mackenzie Blackwood with a rebound.
12:46 of 1st period - Niko Mikkola is hit by Clark Bishop and loses puck.
12:51 of 1st period - Slapshot by Jeremy Davies.
12:51 of 1st period - Shot Blocked by Vinni Lettieri.
12:56 of 1st period - Icing by Niko Mikkola.
12:57 of 1st period - Andrew Poturalski wins face-off versus Daniel Audette in Punishers zone.
13:08 of 1st period - Wrist shot by JJ. Piccinich.
13:08 of 1st period - Shot Misses the Net.
13:10 of 1st period - Slapshot by Eamon Powell.
13:10 of 1st period - Shot Misses the Net.
13:12 of 1st period - Wrist shot by JJ. Piccinich.
13:12 of 1st period - Stopped by Jack LaFontaine with a rebound.
13:26 of 1st period - Niko Mikkola is hit by Nikita Scherbak and loses puck.
13:43 of 1st period - Snap shot by Connor Zary.
13:43 of 1st period - Shot Misses the Net.
13:45 of 1st period - Snap shot by Connor Zary.
13:45 of 1st period - Shot Blocked by Niko Mikkola.
13:47 of 1st period - Slapshot by Julius Honka.
13:47 of 1st period - Shot Blocked by Niko Mikkola.
13:49 of 1st period - Slapshot by Julius Honka.
13:49 of 1st period - Stopped by Jack LaFontaine with a rebound.
13:51 of 1st period - Wrist shot by Mitchell Chaffee.
13:51 of 1st period - Goal by Mitchell Chaffee - Punishers : 1 - Icehogs : 2.
13:52 of 1st period - Karson Kuhlman wins face-off versus Andrew Poturalski in neutral zone.
14:40 of 1st period - Wrist shot by Clark Bishop.
14:40 of 1st period - Stopped by Jack LaFontaine with a rebound.
14:42 of 1st period - Snap shot by Zach Whitecloud.
14:42 of 1st period - Deflect By Clark Bishop.
14:42 of 1st period - Shot Misses the Net.
14:42 of 1st period - Puck is out of play.
14:43 of 1st period - Clark Bishop wins face-off versus Karson Kuhlman in Punishers zone.
14:54 of 1st period - Slapshot by Calle Andersson.
14:54 of 1st period - Shot Misses the Net.
15:18 of 1st period - Slapshot by Sergey Tolchinsky.
15:18 of 1st period - Stopped by Jack LaFontaine with a rebound.
15:52 of 1st period - Andrew Poturalski is hit by Jesse Ylonen and loses puck.
17:24 of 1st period - Snap shot by Vinni Lettieri.
17:24 of 1st period - Shot Misses the Net.
17:26 of 1st period - Snap shot by Vinni Lettieri.
17:26 of 1st period - Stopped by Mackenzie Blackwood without a rebound.
17:27 of 1st period - Karson Kuhlman wins face-off versus Dillon Dube in Icehogs zone.
17:28 of 1st period - Snap shot by Kole Lind.
17:28 of 1st period - Goal by Kole Lind - Punishers : 2 - Icehogs : 2.
17:29 of 1st period - Karson Kuhlman wins face-off versus Dillon Dube in neutral zone.
17:44 of 1st period - Slapshot by Karson Kuhlman.
17:44 of 1st period - Shot Misses the Net.
18:49 of 1st period - Vinni Lettieri is hit by Jeremy Davies and loses puck.
19:20 of 1st period - Snap shot by Adam Ruzicka.
19:20 of 1st period - Shot Blocked by Declan Chisholm.
19:22 of 1st period - Slapshot by Warren Foegele.
19:22 of 1st period - Stopped by Mackenzie Blackwood without a rebound.
19:23 of 1st period - Andrew Poturalski wins face-off versus Carson Meyer in Icehogs zone.
19:48 of 1st period - Nelson Nogier is hit by Mitchell Chaffee.
Goals for this period are 2 for Punishers vs 2 for Icehogs.
Shots for this period are 10 for Punishers vs 9 for Icehogs.
2nd period
0:01 of 2nd period - Karson Kuhlman wins face-off versus Dillon Dube in neutral zone.
0:35 of 2nd period - Wrist shot by Carson Meyer.
0:35 of 2nd period - Stopped by Mackenzie Blackwood without a rebound.
0:36 of 2nd period - Dillon Dube wins face-off versus Daniel Audette in Icehogs zone.
1:36 of 2nd period - Snap shot by Connor Zary.
1:36 of 2nd period - Shot Blocked by Niko Mikkola.
1:54 of 2nd period - Snap shot by Carson Meyer.
1:54 of 2nd period - Shot Misses the Net.
2:08 of 2nd period - Wrist shot by Warren Foegele.
2:08 of 2nd period - Stopped by Mackenzie Blackwood without a rebound.
2:09 of 2nd period - Karson Kuhlman wins face-off versus Andrew Poturalski in Icehogs zone.
2:13 of 2nd period - Minor Penalty to Nils Hoglander for Cross-checking.
2:14 of 2nd period - Dillon Dube wins face-off versus Karson Kuhlman in Icehogs zone.
4:13 of 2nd period - Penalty to Nils Hoglander is over, Nils Hoglander is back on ice.
4:25 of 2nd period - Snap shot by JJ. Piccinich.
4:25 of 2nd period - Stopped by Jack LaFontaine without a rebound.
4:26 of 2nd period - Ben Meyers wins face-off versus Jaedon Descheneau in Punishers zone.
4:26 of 2nd period - Ben Meyers is hit by Nikita Okhotyuk.
4:40 of 2nd period - Jack Ahcan is hit by Julius Honka.
4:52 of 2nd period - Icing by Ben Meyers.
4:53 of 2nd period - Andrew Poturalski wins face-off versus Adam Ruzicka in Punishers zone.
4:58 of 2nd period - Declan Chisholm is hit by Carson Meyer and loses puck.
5:26 of 2nd period - Wrist shot by Oskar Lindblom.
5:26 of 2nd period - Shot Misses the Net.
5:46 of 2nd period - Snap shot by Connor Zary.
5:46 of 2nd period - Deflect By Mitchell Chaffee.
5:46 of 2nd period - Stopped by Jack LaFontaine without a rebound.
5:47 of 2nd period - Karson Kuhlman wins face-off versus Dillon Dube in Punishers zone.
5:47 of 2nd period - Karson Kuhlman is hit by Dillon Dube.
5:55 of 2nd period - Wrist shot by Oskar Lindblom.
5:55 of 2nd period - Stopped by Mackenzie Blackwood with a rebound.
6:13 of 2nd period - Andrew Poturalski is hit by Niko Mikkola and loses puck.
6:49 of 2nd period - Connor Zary is hit by Adam Ruzicka.
7:03 of 2nd period - Rasmus Sandin is hit by Dillon Dube and loses puck.
7:18 of 2nd period - Wrist shot by Clark Bishop.
7:18 of 2nd period - Shot Blocked by Jack Ahcan.
7:48 of 2nd period - Snap shot by Andrew Poturalski.
7:48 of 2nd period - Deflect By Nils Hoglander.
7:48 of 2nd period - Shot Hit the Post.
7:48 of 2nd period - Puck is out of play.
7:49 of 2nd period - Dillon Dube wins face-off versus Karson Kuhlman in Punishers zone.
8:17 of 2nd period - Snap shot by Vinni Lettieri.
8:17 of 2nd period - Stopped by Mackenzie Blackwood with a rebound.
8:42 of 2nd period - Snap shot by Connor Zary.
8:42 of 2nd period - Goal by Connor Zary - Punishers : 2 - Icehogs : 3.
8:43 of 2nd period - Dillon Dube wins face-off versus Karson Kuhlman in neutral zone.
8:55 of 2nd period - Oskar Lindblom is hit by Nikita Scherbak.
9:14 of 2nd period - Snap shot by Connor Zary.
9:14 of 2nd period - Deflect By Gabriel Fortier.
9:14 of 2nd period - Stopped by Jack LaFontaine with a rebound.
9:24 of 2nd period - Wrist shot by Nelson Nogier.
9:24 of 2nd period - Shot Misses the Net.
9:47 of 2nd period - Off-side.
9:48 of 2nd period - Dillon Dube wins face-off versus Adam Ruzicka in neutral zone.
9:51 of 2nd period - Adam Ruzicka is hit by Nikita Scherbak and loses puck.
10:15 of 2nd period - Icing by Brock Faber.
10:16 of 2nd period - Daniel Audette wins face-off versus Andrew Poturalski in Punishers zone.
10:41 of 2nd period - Oskar Lindblom is hit by Sergey Tolchinsky and loses puck.
11:34 of 2nd period - Niko Mikkola is hit by Clark Bishop and loses puck.
12:32 of 2nd period - Braden Tracey is hit by Julius Honka and loses puck.
12:51 of 2nd period - Oskar Lindblom is hit by JJ. Piccinich and loses puck.
13:18 of 2nd period - Snap shot by Jaedon Descheneau.
13:18 of 2nd period - Stopped by Jack LaFontaine with a rebound.
13:52 of 2nd period - Clark Bishop is hit by Niko Mikkola and loses puck.
14:15 of 2nd period - Julius Honka is hit by Karson Kuhlman and loses puck.
14:23 of 2nd period - Off-side.
14:24 of 2nd period - Warren Foegele wins face-off versus Andrew Poturalski in neutral zone.
14:29 of 2nd period - Wrist shot by Warren Foegele.
14:29 of 2nd period - Deflect By Carson Meyer.
14:29 of 2nd period - Stopped by Mackenzie Blackwood with a rebound.
14:37 of 2nd period - Snap shot by JJ. Piccinich.
14:37 of 2nd period - Shot Misses the Net.
14:39 of 2nd period - Snap shot by Nils Hoglander.
14:39 of 2nd period - Stopped by Jack LaFontaine with a rebound.
14:50 of 2nd period - Off-side.
14:51 of 2nd period - Dillon Dube wins face-off versus Karson Kuhlman in neutral zone.
15:03 of 2nd period - Icing by Brock Faber.
15:04 of 2nd period - Karson Kuhlman wins face-off versus Dillon Dube in Punishers zone.
15:19 of 2nd period - Brock Faber is hit by Sergey Tolchinsky and loses puck.
15:32 of 2nd period - Slapshot by Karson Kuhlman.
15:32 of 2nd period - Shot Blocked by Andrew Poturalski.
15:42 of 2nd period - Wrist shot by JJ. Piccinich.
15:42 of 2nd period - Stopped by Jack LaFontaine without a rebound.
15:43 of 2nd period - Connor Zary wins face-off versus Daniel Audette in Punishers zone.
16:17 of 2nd period - Wrist shot by Sergey Tolchinsky.
16:17 of 2nd period - Shot Misses the Net.
16:19 of 2nd period - Slapshot by Julius Honka.
16:19 of 2nd period - Stopped by Jack LaFontaine without a rebound.
16:20 of 2nd period - Andrew Poturalski wins face-off versus Daniel Audette in Punishers zone.
16:27 of 2nd period - Wrist shot by Andrew Poturalski.
16:27 of 2nd period - Shot Blocked by Jack Ahcan.
16:29 of 2nd period - Wrist shot by Julius Honka.
16:29 of 2nd period - Stopped by Jack LaFontaine with a rebound.
16:45 of 2nd period - Kole Lind is hit by Mitchell Chaffee and loses puck.
17:12 of 2nd period - Nicolas Beaudin is hit by Egor Afanasyev and loses puck.
18:03 of 2nd period - Snap shot by Nils Hoglander.
18:03 of 2nd period - Stopped by Jack LaFontaine with a rebound.
18:05 of 2nd period - Slapshot by Andrew Poturalski.
18:05 of 2nd period - Stopped by Jack LaFontaine with a rebound.
18:07 of 2nd period - Snap shot by Andrew Poturalski.
18:07 of 2nd period - Stopped by Jack LaFontaine without a rebound.
18:08 of 2nd period - Connor Zary wins face-off versus Karson Kuhlman in Punishers zone.
18:33 of 2nd period - Jack Ahcan is hit by Sergey Tolchinsky and loses puck.
19:22 of 2nd period - Declan Chisholm is hit by Braden Tracey and loses puck.
Goals for this period are 0 for Punishers vs 1 for Icehogs.
Shots for this period are 5 for Punishers vs 12 for Icehogs.
3rd period
0:01 of 3rd period - Dillon Dube wins face-off versus Karson Kuhlman in neutral zone.
0:18 of 3rd period - Kole Lind is hit by Jeremy Davies and loses puck.
0:37 of 3rd period - Slapshot by Connor Zary.
0:37 of 3rd period - Shot Blocked by Nelson Nogier.
0:43 of 3rd period - Wrist shot by Nelson Nogier.
0:43 of 3rd period - Shot Misses the Net.
0:45 of 3rd period - Snap shot by Karson Kuhlman.
0:45 of 3rd period - Stopped by Mackenzie Blackwood with a rebound.
0:47 of 3rd period - Slapshot by Kole Lind.
0:47 of 3rd period - Shot Misses the Net.
0:49 of 3rd period - Snap shot by Oskar Lindblom.
0:49 of 3rd period - Shot Misses the Net.
0:51 of 3rd period - Wrist shot by Kole Lind.
0:51 of 3rd period - Shot Misses the Net.
1:16 of 3rd period - Snap shot by Mitchell Chaffee.
1:16 of 3rd period - Shot Blocked by Kole Lind.
1:24 of 3rd period - Snap shot by Connor Zary.
1:24 of 3rd period - Shot Blocked by Oskar Lindblom.
1:54 of 3rd period - Slapshot by Connor Zary.
1:54 of 3rd period - Shot Misses the Net.
2:02 of 3rd period - Slapshot by Niko Mikkola.
2:02 of 3rd period - Deflect By Connor Zary.
2:02 of 3rd period - Stopped by Mackenzie Blackwood with a rebound.
2:04 of 3rd period - Slapshot by Niko Mikkola.
2:04 of 3rd period - Stopped by Mackenzie Blackwood without a rebound.
2:05 of 3rd period - Daniel Audette wins face-off versus Sergey Tolchinsky in Icehogs zone.
2:08 of 3rd period - Snap shot by Daniel Audette.
2:08 of 3rd period - Stopped by Mackenzie Blackwood with a rebound.
2:10 of 3rd period - Slapshot by Rasmus Sandin.
2:10 of 3rd period - Stopped by Mackenzie Blackwood with a rebound.
2:12 of 3rd period - Slapshot by Vinni Lettieri.
2:12 of 3rd period - Shot Blocked by Nikita Scherbak.
2:14 of 3rd period - Wrist shot by Joel Kiviranta.
2:14 of 3rd period - Shot Misses the Net.
2:16 of 3rd period - Snap shot by Rasmus Sandin.
2:16 of 3rd period - Deflect By Joel Kiviranta.
2:16 of 3rd period - Stopped by Mackenzie Blackwood with a rebound.
2:18 of 3rd period - Snap shot by Jack Ahcan.
2:18 of 3rd period - Shot Misses the Net.
2:51 of 3rd period - Snap shot by Clark Bishop.
2:51 of 3rd period - Stopped by Jack LaFontaine without a rebound.
2:52 of 3rd period - Clark Bishop wins face-off versus Ben Meyers in Punishers zone.
3:05 of 3rd period - Eamon Powell is hit by Ben Meyers.
3:09 of 3rd period - Jaedon Descheneau is hit by Braden Tracey and loses puck.
3:16 of 3rd period - Slapshot by Nicolas Beaudin.
3:16 of 3rd period - Deflect By Braden Tracey.
3:16 of 3rd period - Shot Misses the Net.
3:16 of 3rd period - Puck is out of play.
3:17 of 3rd period - Dillon Dube wins face-off versus Daniel Audette in Icehogs zone.
3:32 of 3rd period - Snap shot by Sergey Tolchinsky.
3:32 of 3rd period - Stopped by Jack LaFontaine with a rebound.
3:48 of 3rd period - Slapshot by Adam Ruzicka.
3:48 of 3rd period - Shot Blocked by Julius Honka.
4:07 of 3rd period - Clark Bishop is hit by Braden Tracey and loses puck.
4:16 of 3rd period - Wrist shot by Braden Tracey.
4:16 of 3rd period - Stopped by Mackenzie Blackwood with a rebound.
4:35 of 3rd period - Snap shot by Dillon Dube.
4:35 of 3rd period - Stopped by Jack LaFontaine with a rebound.
5:25 of 3rd period - Slapshot by Calle Andersson.
5:25 of 3rd period - Shot Blocked by Kole Lind.
5:27 of 3rd period - Slapshot by Clark Bishop.
5:27 of 3rd period - Shot Blocked by Jack Ahcan.
5:29 of 3rd period - Slapshot by Calle Andersson.
5:29 of 3rd period - Stopped by Jack LaFontaine with a rebound.
5:31 of 3rd period - Snap shot by Egor Afanasyev.
5:31 of 3rd period - Shot Blocked by Jack Ahcan.
5:33 of 3rd period - Slapshot by Zach Whitecloud.
5:33 of 3rd period - Stopped by Jack LaFontaine with a rebound.
5:35 of 3rd period - Slapshot by Calle Andersson.
5:35 of 3rd period - Stopped by Jack LaFontaine with a rebound.
5:37 of 3rd period - Slapshot by Calle Andersson.
5:37 of 3rd period - Stopped by Jack LaFontaine without a rebound.
5:38 of 3rd period - Dillon Dube wins face-off versus Daniel Audette in Punishers zone.
6:18 of 3rd period - Minor Penalty to Niko Mikkola for Cross-checking.
6:19 of 3rd period - Dillon Dube wins face-off versus Karson Kuhlman in Punishers zone.
6:22 of 3rd period - Snap shot by Sergey Tolchinsky.
6:22 of 3rd period - Goal by Sergey Tolchinsky - Punishers : 2 - Icehogs : 4.
6:23 of 3rd period - Dillon Dube wins face-off versus Karson Kuhlman in neutral zone.
6:52 of 3rd period - Minor Penalty to Julius Honka for High sticking.
6:53 of 3rd period - Karson Kuhlman wins face-off versus Sergey Tolchinsky in Icehogs zone.
6:55 of 3rd period - Slapshot by Oskar Lindblom.
6:55 of 3rd period - Stopped by Mackenzie Blackwood without a rebound.
6:56 of 3rd period - Karson Kuhlman wins face-off versus Dillon Dube in Icehogs zone.
6:59 of 3rd period - Wrist shot by Oskar Lindblom.
6:59 of 3rd period - Stopped by Mackenzie Blackwood with a rebound.
7:01 of 3rd period - Snap shot by Oskar Lindblom.
7:01 of 3rd period - Deflect By Karson Kuhlman.
7:01 of 3rd period - Shot Misses the Net.
7:01 of 3rd period - Puck is out of play.
7:02 of 3rd period - Dillon Dube wins face-off versus Karson Kuhlman in Icehogs zone.
7:27 of 3rd period - Snap shot by Karson Kuhlman.
7:27 of 3rd period - Goal by Karson Kuhlman - Punishers : 3 - Icehogs : 4.
7:28 of 3rd period - Karson Kuhlman wins face-off versus Dillon Dube in neutral zone.
7:41 of 3rd period - Snap shot by Dillon Dube.
7:41 of 3rd period - Shot Blocked by Nelson Nogier.
7:46 of 3rd period - Minor Penalty to Nelson Nogier for Hooking.
7:47 of 3rd period - Dillon Dube wins face-off versus Karson Kuhlman in Punishers zone.
7:55 of 3rd period - Snap shot by Sergey Tolchinsky.
7:55 of 3rd period - Shot Blocked by Oskar Lindblom.
7:57 of 3rd period - Snap shot by Dillon Dube.
7:57 of 3rd period - Stopped by Jack LaFontaine without a rebound.
7:58 of 3rd period - Karson Kuhlman wins face-off versus Nikita Scherbak in Punishers zone.
8:41 of 3rd period - Joel Kiviranta is hit by Sergey Tolchinsky and loses puck.
9:46 of 3rd period - Penalty to Nelson Nogier is over, Nelson Nogier is back on ice.
10:22 of 3rd period - Egor Afanasyev is hit by Vinni Lettieri and loses puck.
10:56 of 3rd period - Warren Foegele is hit by Clark Bishop and loses puck.
11:11 of 3rd period - Snap shot by Braden Tracey.
11:11 of 3rd period - Deflect By Calle Andersson.
11:11 of 3rd period - Shot Blocked by Nils Hoglander.
11:11 of 3rd period - Puck is out of play.
11:12 of 3rd period - Andrew Poturalski wins face-off versus Ben Meyers in Icehogs zone.
11:53 of 3rd period - Snap shot by Nikita Scherbak.
11:53 of 3rd period - Stopped by Jack LaFontaine without a rebound.
11:54 of 3rd period - Andrew Poturalski wins face-off versus Ben Meyers in Punishers zone.
13:00 of 3rd period - Icing by Niko Mikkola.
13:01 of 3rd period - Nikita Scherbak wins face-off versus Ben Meyers in Punishers zone.
13:47 of 3rd period - Backhand shot by Oskar Lindblom.
13:47 of 3rd period - Stopped by Mackenzie Blackwood with a rebound.
13:49 of 3rd period - Slapshot by Niko Mikkola.
13:49 of 3rd period - Stopped by Mackenzie Blackwood without a rebound.
13:50 of 3rd period - Daniel Audette wins face-off versus Dillon Dube in Icehogs zone.
13:51 of 3rd period - Snap shot by Joel Kiviranta.
13:51 of 3rd period - Stopped by Mackenzie Blackwood with a rebound.
13:53 of 3rd period - Slapshot by Brock Faber.
13:53 of 3rd period - Shot Blocked by Sergey Tolchinsky.
14:05 of 3rd period - Snap shot by Joel Kiviranta.
14:05 of 3rd period - Stopped by Mackenzie Blackwood with a rebound.
14:15 of 3rd period - Connor Zary is hit by Kole Lind and loses puck.
14:36 of 3rd period - Adam Ruzicka is hit by Zach Whitecloud and loses puck.
14:41 of 3rd period - Snap shot by Clark Bishop.
14:41 of 3rd period - Stopped by Jack LaFontaine without a rebound.
14:42 of 3rd period - Daniel Audette wins face-off versus Dillon Dube in Punishers zone.
15:12 of 3rd period - Wrist shot by JJ. Piccinich.
15:12 of 3rd period - Shot Blocked by Joel Kiviranta.
15:14 of 3rd period - Snap shot by Nils Hoglander.
15:14 of 3rd period - Shot Blocked by Joel Kiviranta.
15:16 of 3rd period - Snap shot by Andrew Poturalski.
15:16 of 3rd period - Stopped by Jack LaFontaine without a rebound.
15:17 of 3rd period - Adam Ruzicka wins face-off versus Nikita Scherbak in Punishers zone.
15:17 of 3rd period - Adam Ruzicka is hit by Sergey Tolchinsky.
15:55 of 3rd period - Snap shot by Connor Zary.
15:55 of 3rd period - Deflect By Gabriel Fortier.
15:55 of 3rd period - Shot Blocked by Jack Ahcan.
15:55 of 3rd period - Puck is out of play.
15:56 of 3rd period - Andrew Poturalski wins face-off versus Adam Ruzicka in Punishers zone.
16:10 of 3rd period - Minor Penalty to JJ. Piccinich for Holding Stick.
16:11 of 3rd period - Oskar Lindblom wins face-off versus Dillon Dube in Icehogs zone.
16:13 of 3rd period - Minor Penalty to Nelson Nogier for Diving.
16:14 of 3rd period - Karson Kuhlman wins face-off versus Dillon Dube in Punishers zone.
16:14 of 3rd period - Karson Kuhlman is hit by Dillon Dube.
16:27 of 3rd period - Julius Honka is hit by Karson Kuhlman and loses puck.
16:43 of 3rd period - Icing by Oskar Lindblom.
16:44 of 3rd period - Dillon Dube wins face-off versus Oskar Lindblom in Punishers zone.
17:11 of 3rd period - Snap shot by Joel Kiviranta.
17:11 of 3rd period - Shot Misses the Net.
17:44 of 3rd period - Wrist shot by Vinni Lettieri.
17:44 of 3rd period - Shot Blocked by Jeremy Davies.
18:10 of 3rd period - Penalty to JJ. Piccinich is over, JJ. Piccinich is back on ice.
18:13 of 3rd period - Penalty to Nelson Nogier is over, Nelson Nogier is back on ice.
18:26 of 3rd period - Wrist shot by Dillon Dube.
18:26 of 3rd period - Shot Misses the Net.
18:28 of 3rd period - Slapshot by Julius Honka.
18:28 of 3rd period - Stopped by Jack LaFontaine with a rebound.
18:32 of 3rd period - Wrist shot by Dillon Dube.
18:32 of 3rd period - Shot Blocked by Brock Faber.
18:34 of 3rd period - Snap shot by Dillon Dube.
18:34 of 3rd period - Goal by Dillon Dube - Punishers : 3 - Icehogs : 5.
18:35 of 3rd period - Connor Zary wins face-off versus Adam Ruzicka in neutral zone.
18:40 of 3rd period - Niko Mikkola is hit by Connor Zary and loses puck.
19:58 of 3rd period - Snap shot by Sergey Tolchinsky.
19:58 of 3rd period - Stopped by Jack LaFontaine with a rebound.
Goals for this period are 1 for Punishers vs 2 for Icehogs.
Shots for this period are 14 for Punishers vs 15 for Icehogs.